 Dungeon Crawl Stone Soup version 0.14.1-26-g5a19342 (webtiles) character file.

438 Kae the Cudgeler (level 5, -12/45 HPs)
             Began as a Minotaur Fighter on July 20, 2014.
             Killed by divine providence
             ... invoked by an orc priest
              (16 damage)
             ... on Level 4 of the Dungeon.
             The game lasted 00:04:24 (2972 turns).

Kae the Cudgeler (Minotaur Fighter)                 Turns: 2972, Time: 00:04:24

HP -12/45        AC  5     Str 20      XL: 5   Next: 82%
MP   2/2         EV  6     Int  6      God:
Gold 195         SH 16     Dex 10      Spells:  0 memorised,  4 levels left

rFire  . . .     SeeInvis .     b - +0 mace
rCold  . . .     Clarity  .     d - -1 scale mail
rNeg   + . .     Conserve .     c - -2 shield
rPois  .         rCorr    .     (helmet restricted)
rElec  .         rRot     .     (no cloak)
SustAb . .       Spirit   .     (no gloves)
rMut   .         Warding  +     (no boots)
Saprov . . .     Stasis   .     p - amulet of warding {unknown}
MR     .....                    (no ring)
                                m - ring of wizardry

@: not resistant to hostile enchantments, extremely unstealthy
A: retaliatory headbutt, horns 2
a: no special abilities


You were on level 4 of the Dungeon.
You were hungry.

You visited 1 branch of the dungeon, and saw 4 of its levels.

You collected 195 gold pieces.

Inventory:

Hand weapons
 a - a +0,+0 flail
 b - a +0,+0 mace (weapon)
Armour
 c - a -2 shield (worn)
 d - a -1 scale mail (worn)
Comestibles
 z - 2 bread rations
Scrolls
 f - a scroll of enchant weapon I {unknown}
 j - a scroll of noise {unknown}
 l - 2 scrolls of teleportation {unknown}
 o - 3 scrolls of identify {unknown}
 s - a scroll of immolation {unknown}
 x - a scroll of magic mapping {unknown}
Jewellery
 m - a ring of wizardry (left hand)
 p - an amulet of warding (around neck) {unknown}
Potions
 g - a potion of restore abilities {unknown}
 h - a potion of magic {unknown}
 i - 2 potions of curing
 k - 2 potions of heal wounds {unknown}
 n - 2 potions of paralysis {unknown}
 q - a potion of degeneration {unknown}
 r - a potion of agility
 t - a potion of resistance {unknown}


   Skills:
 - Level 3.6 Fighting
 * Level 7.5 Maces & Flails
 - Level 3.6 Armour
 - Level 3.6 Shields


You had 4 spell levels left.
You didn't know any spells.

Dungeon Overview and Level Annotations

Branches:
Dungeon (4/15)             Temple (0/1) D:4

Altars:
Cheibriados
Sif Muna
Trog


Innate Abilities, Weirdness & Mutations

You reflexively headbutt those who attack you in melee.
You have a pair of horns on your head.


Message History

The hobgoblin hits you with a scimitar.
You slide downwards.
The hatch slams shut behind you.
The orc priest calls down the wrath of Beogh upon you.
Pain shoots through your body!
* * * LOW HITPOINT WARNING * * *
Found a staircase to the Ecumenical Temple.
Unknown command.
Unknown command.
You hit the hobgoblin. Your headbutt misses the hobgoblin.
The hobgoblin is almost dead.
The hobgoblin hits you but does no damage.
The orc priest invokes the aid of Beogh against you.
Pain shoots through your body!
* * * LOW HITPOINT WARNING * * *
You closely miss the hobgoblin.
The hobgoblin is almost dead.
You block the hobgoblin's attack.
The orc priest mumbles some strange prayers to Beogh against you.
Something smites you!
You die...

#####.####
#@........
#g...o.....
#.§§......
#.§§......
#.§§§.....
#. ...##.
#. ...# .
#. ...# ..
. . ....


You could see an orc priest and a hobgoblin.

Vanquished Creatures
  A crimson imp (D:3)
  An orc priest (D:3)
  2 orc wizards (D:3)
  3 adders (D:3)
  5 gnolls (D:3)
  3 giant geckos
  4 orcs (D:3)
  8 bats
  2 giant cockroaches
  9 goblins
  5 hobgoblins
  A ball python (D:2)
  4 giant newts
  7 kobolds
  9 rats
64 creatures vanquished.

Notes
Turn   | Place    | Note
--------------------------------------------------------------
     0 | D:1      | Kae, the Minotaur Fighter, began the quest for the Orb.
     0 | D:1      | Reached XP level 1. HP: 19/19 MP: 1/1
   118 | D:1      | Reached XP level 2. HP: 21/26 MP: 1/1
   590 | D:2      | Reached skill level 4 in Maces & Flails
   743 | D:2      | Reached XP level 3. HP: 31/31 MP: 2/2
  1234 | D:3      | Found a deep blue altar of Sif Muna.
  1245 | D:3      | Reached skill level 5 in Maces & Flails
  1245 | D:3      | Reached XP level 4. HP: 35/39 MP: 2/2
  1689 | D:3      | Reached skill level 6 in Maces & Flails
  1956 | D:3      | Found a snail-covered altar of Cheibriados.
  2090 | D:3      | Reached XP level 5. HP: 39/45 MP: 2/2
  2124 | D:3      | Found a bloodstained altar of Trog.
  2212 | D:3      | HP: 2/45 [orc priest/divine providence (11)]
  2216 | D:3      | Reached skill level 7 in Maces & Flails
  2914 | D:4      | Noticed an orc warrior
  2970 | D:4      | Found a staircase to the Ecumenical Temple.
  2972 | D:4      | Killed from afar by an orc priest

Action                   |  1- 3 |  4- 6 || total
-------------------------+-------+-------++-------
Melee: Flail             |   107 |    48 ||   155
       Dagger            |       |     3 ||     3
       Mace              |       |    24 ||    24
  Use: Potion            |       |     5 ||     5
